 Dungeon Crawl Stone Soup version 0.27-a0-732-ga892ba84f6 (webtiles) character file.

Game seed: 11771458707960869793

38 robertstho the Magician (level 3, 0/25 HPs)
             Began as a Djinni Air Elementalist on Mar 23, 2021.
             Killed by their own static electricity (3 damage)
             ... on level 2 of the Dungeon.
             The game lasted 00:01:46 (1219 turns).

robertstho the Magician (Djinni Air Elementalist)   Turns: 1219, Time: 00:01:46

Health: 0/25       AC:  2    Str:  7    XL:     3   Next: 43%
Magic:  0/0        EV: 12    Int: 17    God:
Gold:   47         SH:  0    Dex: 13    Spells: 0/9 levels left

rFire    + + .     SeeInvis .   d - +0 short sword
rCold    x . .     Faith    .   (no shield)
rNeg     . . .     Spirit   .   a - +0 robe
rPois    ∞         Reflect  .   (no helmet)
rElec    .         Harm     .   (no cloak)
rCorr    .         Rampage  .   (no gloves)
Will     .....                  (boots unavailable)
Stlth    ++........             (no amulet)
HPRegen  0.08/turn              (no ring)
MPRegen  0.00/turn              (no ring)

@: flying
A: fire resistance 2, cold vulnerability 1, float, innate caster, hp casting,
extra vitality 1
a: no special abilities


You were on level 2 of the Dungeon.
You visited 1 branch of the dungeon, and saw 2 of its levels.

You collected 47 gold pieces.

Inventory:

Hand Weapons
 d - a +0 short sword (weapon)
Armour
 a - a +0 robe (worn)
Jewellery
 e - a ring of poison resistance
Scrolls
 b - a scroll of silence {unknown}
 f - a scroll of torment {unknown}
Potions
 c - a potion of haste {unknown}


   Skills:
 * Level 2.4 Dodging
 * Level 1.8 Stealth
 * Level 3.6 Spellcasting


You couldn't memorise any spells.
You knew the following spells:

 Your Spells              Type           Power      Damage    Failure   Level
a - Shock                 Conj/Air       60%        1d6       3%          1
b - Swiftness             Air            15%        N/A       5%          2
c - Static Discharge      Conj/Air       15%        N/A       11%         3
d - Airstrike             Air            7%         N/A       36%         4
e - Lightning Bolt        Conj/Air       7%         1d20      71%         5
f - Beastly Appendage     Tmut           30%        N/A       3%          1
Your spell library was empty.

Dungeon Overview and Level Annotations

Branches:
Dungeon (2/15)

Altars:
Xom


Innate Abilities, Weirdness & Mutations

You are immune to poison.
Your flesh is very heat resistant. (rF++)
You are vulnerable to cold. (rC-)
You float through the air rather than walking.
You learn spells naturally, not from books.
Your magical power is your life essence.
You have superior vitality. (+4 HP)


Message History

The spell is quite dangerous to cast (12% risk of failure)!
Continue anyway?
The adder is struck by an arc of lightning.
You kill the adder!
You are struck by an arc of lightning.
The lightning grounds out.
Unknown command.
Casting: Static Discharge (quite dangerous; 11% risk of failure)
Confirm with . or Enter, or press ? or * to list all spells.
The spell is quite dangerous to cast (11% risk of failure)!
Continue anyway?
The ball python is struck by an arc of lightning.
The ball python is severely wounded.
The lightning grounds out.
The ball python misses you. x2
The ball python barely misses you. The ball python grabs you.
The ball python constricts you.
Unknown command.
Casting: Static Discharge (quite dangerous; 11% risk of failure)
Confirm with . or Enter, or press ? or * to list all spells.
Aiming: Shock (safe; 3% risk of failure)
Press: ? - help, Shift-Dir - straight line, f - ball python
Aim: a ball python (heavily wounded, constricting you, 32% to evade)
The zap misses the ball python.
The ball python bites you but does no damage.
The ball python constricts you.
Unknown command.
Casting: Shock (safe; 3% risk of failure)
Confirm with . or Enter, or press ? or * to list all spells.
Aiming: Shock (safe; 3% risk of failure)
Press: ? - help, Shift-Dir - straight line, f/p - ball python
Aim: a ball python (heavily wounded, constricting you, 32% to evade)
The zap hits the ball python.
The ball python is severely wounded.
The ball python bites you.
* * * LOW HITPOINT WARNING * * *
x2 The ball python constricts you.
Casting: Shock (safe; 3% risk of failure)
Confirm with . or Enter, or press ? or * to list all spells.
The spell is quite dangerous to cast (11% risk of failure)!
Continue anyway?
The ball python is struck by an arc of lightning.
You kill the ball python!
You are struck by an arc of lightning.
You die...

#...............
#.............###.
#.................
#..........#
#...)......#
#..........#
#.......÷..#.###
#...............
#.###.#@<###....
#.###+#†########
#..............
#.........###..
#.........#
..?.........
##...........
#.........†...
#.......!.....


There were no monsters in sight!

Vanquished Creatures
  An adder (D:2)
  2 dart slugs (D:1)
  A giant cockroach (D:2)
  A goblin (D:1)
  2 hobgoblins (D:2)
  2 jackals (D:2)
  2 kobolds
  An ooze (D:1)
  A quokka (D:2)
  5 ball pythons
  3 bats (D:1)
  A frilled lizard (D:1)
  3 rats (D:1)
25 creatures vanquished.

Notes
Turn   | Place    | Note
-------+----------+-------------------------------------------
     0 | D:1      | robertstho the Djinni Air Elementalist began the quest for
                  | the Orb.
     0 | D:1      | Reached XP level 1. HP: 15/15 MP: 0/0
   244 | D:1      | Reached skill level 3 in Spellcasting
   285 | D:1      | Reached XP level 2. HP: 18/21 MP: 0/0
   843 | D:1      | Found a shimmering altar of Xom.
   845 | D:1      | Found a stormy altar of Qazlal.
   847 | D:1      | Found a blossoming altar of Fedhas.
   847 | D:1      | Found a shimmering altar of Xom.
   847 | D:1      | Found a burning altar of Makhleb.
   923 | D:2      | Reached XP level 3. HP: 15/25 MP: 0/0
   923 | D:2      | Learned a level 1 spell: Beastly Appendage
  1219 | D:2      | Killed from afar by themself

Illustrated notes

Levels and vault maps discovered:
D:1:      minmay_arrival_diagonal_passages, layout_rooms, roderic_roman_lattice,
          minmay_fountain_box, minmay_statues_item, serial_bayou_pond_d,
          doesnt_xom_only_xom
D:2:      layout_basic, overflow_temple_1_default,
          nicolae_gozag_cash_rules_everything_around_me, uniq_crazy_yiuf_cottage

Skill      XL: |  1 |
---------------+----+-----
Spellcasting   | 3 |  3.6
Dodging        | |  2.4
Stealth        | |  1.8

Action                   || total
-------------------------++-------
Melee: Short sword       ||     4
 Cast: Shock             ||    48
       Static Discharge  ||     3
Armor: Robe              ||     5
Dodge: Dodged            ||     7

Table legend: (Time is in decaauts)
 A = Elapsed time spent in this place.
 B = Non-inter-level travel time spent in this place.
 C = Inter-level travel time spent in this place.
 D = Time resting spent in this place.
 E = Time spent auto-exploring this place.
 F = Levels seen in this place.
 G = Mean time per level.
                   A        B        C        D        E       F      G
               +--------+--------+--------+--------+--------+-----+--------+
         Total |   1218 |   1172 |     46 |      0 |   1056 |   2 |  609.0 |
       Dungeon |   1218 |   1172 |     46 |      0 |   1056 |   2 |  609.0 |
               +--------+--------+--------+--------+--------+-----+--------+

Top non-repeatable levels by time:
     D:1: 910 daAuts
     D:2: 307 daAuts
